 Dungeon Crawl Stone Soup version 0.26-a0-259-g1effd001a9 (webtiles) character file.

Game seed: 13536039274163114891

1955 Apogee the Grappler (level 8, -2/78 HPs)
             Began as a Troll Fighter on July 15, 2020.
             Slain by Duvessa
             ... wielding a +0 short sword
              (11 damage)
             ... on level 6 of the Dungeon.
             The game lasted 00:05:05 (4786 turns).

Apogee the Grappler (Troll Fighter)                 Turns: 4786, Time: 00:05:06

Health: -2/78      AC:  6    Str: 27    XL:     8   Next: 99%
Magic:  7/7        EV:  9    Int:  4    God:
Gold:   304        SH: 10    Dex:  9    Spells: 7/7 levels left

rFire    . . .     SeeInvis .     - Unarmed
rCold    . . .     Faith    .   b - +0 kite shield
rNeg     . . .     Spirit   .   a - +0 robe
rPois    .         Reflect  .   (helmet restricted)
rElec    .         Harm     .   (no cloak)
rCorr    .                      (gloves unavailable)
MR       .....                  (boots unavailable)
Stlth    +.........             (no amulet)
HPRegen  0.63/turn              (no ring)
MPRegen  0.10/turn              (no ring)

@: mighty
A: large, unfitting armour, claws 3, fast metabolism 1, regeneration 1, shaggy
fur 1, tough skin 3
a: no special abilities


You were on level 6 of the Dungeon.
You were not hungry.

You visited 1 branch of the dungeon, and saw 7 of its levels.

You collected 304 gold pieces.

Inventory:

Armour
 a - a +0 robe (worn)
 b - a +0 kite shield (worn)
Jewellery
 u - an uncursed ring of magical power {unknown}
 v - a +6 ring of intelligence {unknown}
 y - a +6 ring of strength {unknown}
Wands
 x - a wand of iceblast (11)
Scrolls
 e - 4 scrolls of teleportation {unknown}
 g - a scroll of random uselessness {unknown}
 i - 3 scrolls of magic mapping {unknown}
 j - 2 scrolls of remove curse {unknown}
 k - a scroll of amnesia {unknown}
 l - 4 scrolls of enchant armour {unknown}
 n - 8 scrolls of identify {unknown}
 o - 2 scrolls of fear {unknown}
 q - 3 scrolls of enchant weapon {unknown}
 s - a scroll of blinking {unknown}
 w - a scroll of silence {unknown}
Potions
 c - 3 potions of might
 f - a potion of flight {unknown}
 h - a potion of brilliance {unknown}
 m - 2 potions of stabbing {unknown}
 r - 6 potions of curing {unknown}
 t - 2 potions of resistance {unknown}
 z - a potion of berserk rage {unknown}
Comestibles
 d - 27 rations


   Skills:
 + Level 4.2 Fighting
 - Level 2.4 Dodging
 - Level 1.0 Stealth
 + Level 5.3 Shields
 + Level 9.3 Unarmed Combat


You had 7 spell levels left.
You didn't know any spells.
Your spell library was empty.

Dungeon Overview and Level Annotations

Branches:
Dungeon (7/15)             Temple (0/1) D:7

Altars:
Cheibriados
Elyvilon
Hepliaklqana
Qazlal
Vehumet
Wu Jian
Xom
Yredelemnul
Zin

Annotations:
D:6 Duvessa
D:7 Pikel


Innate Abilities, Weirdness & Mutations

You are too large for most types of armour.
You have claws for hands.
You have a fast metabolism.
Your natural rate of healing is unusually fast.
You are covered in fur. (AC +1)
You have extremely tough skin. (AC +3)


Message History

The hound barely misses you. Duvessa hits you with a +0 short sword.
* * * LOW HITPOINT WARNING * * *
The hound bites you but does no damage. Duvessa hits you with a +0 short sword!
* * * LOW HITPOINT WARNING * * *
You feel much better. The hound bites you but does no damage.
You block Duvessa's attack.
You feel very mighty all of a sudden. The hound barely misses you.
Duvessa hits you with a +0 short sword. You block the hound's attack.
Duvessa hits you with a +0 short sword!
* * * LOW HITPOINT WARNING * * *
You mangle Duvessa!!
Duvessa is heavily wounded.
The hound bites you.
* * * LOW HITPOINT WARNING * * *
Duvessa hits you with a +0 short sword!
* * * LOW HITPOINT WARNING * * *
You closely miss Duvessa.
Duvessa is heavily wounded.
The hound barely misses you. Duvessa hits you with a +0 short sword!
You die...

##### #^..#######
########## #..........
.........# #...#######
########.# ### ##.##
#...####.###.###########.##
.......†......##@h..(.....#
...............#e#######..#
.......#.###.#.#5# ##.#
.........###.#.#.# #.#
.......####....#.# #)#
.................# #.#
.......####....##### #.#
#...##.#####.......# #.#
######.##.......##.# #.##


You could see Duvessa (berserk), a lemure and a hound.

Vanquished Creatures
  Eustachio (D:5)
  Menkaure (D:6)
  A necrophage (D:7)
  A sky beast (D:7)
  3 ogres
  A centaur (D:7)
  Blork the orc (D:5)
  3 bullfrogs
  2 scorpions
  Dowan (D:7)
  A howler monkey (D:4)
  A bullfrog zombie (D:6)
  2 jellies
  A bullfrog skeleton (D:5)
  3 orc priests (D:4)
  3 hounds
  2 orc wizards (D:4)
  A centaur skeleton (D:4)
  3 worker ants
  3 hound skeletons
  A worker ant zombie (D:5)
  9 adders
  4 gnolls
  A shadow imp (D:7)
  2 white imps
  An ooze (D:3)
  2 worms
  6 leopard geckos
  11 orcs
  5 giant cockroaches
  6 goblins
  2 hobgoblins (D:3)
  20 jackals
  5 kobolds
  7 quokkas
  2 ball pythons (D:3)
  9 bats
  5 frilled lizards
  A jackal zombie (D:5)
  2 leopard gecko skeletons
  8 rats
144 creatures vanquished.

Notes
Turn   | Place    | Note
-------+----------+-------------------------------------------
     0 | D:1      | Apogee the Troll Fighter began the quest for the Orb.
     0 | D:1      | Reached XP level 1. HP: 22/22 MP: 0/0
   184 | D:1      | Reached XP level 2. HP: 29/29 MP: 1/1
   655 | D:2      | Reached XP level 3. HP: 27/36 MP: 2/2
   868 | D:2      | Reached skill level 3 in Unarmed Combat
  1326 | D:3      | Reached XP level 4. HP: 44/44 MP: 3/3
  1572 | D:3      | Found an ornate altar of the Wu Jian Council.
  1618 | D:3      | Reached skill level 4 in Unarmed Combat
  1618 | D:3      | Reached XP level 5. HP: 52/52 MP: 4/4
  1677 | D:3      | Found a snail-covered altar of Cheibriados.
  1677 | D:3      | Found a glowing silver altar of Zin.
  1787 | D:3      | Found a shimmering altar of Xom.
  1788 | D:3      | Found a hazy altar of Hepliaklqana.
  1789 | D:3      | Noticed a spectral ugly thing
  2331 | D:4      | Reached skill level 5 in Unarmed Combat
  2331 | D:4      | Reached XP level 6. HP: 61/61 MP: 5/5
  2430 | D:4      | Reached skill level 6 in Unarmed Combat
  2488 | D:4      | Reached XP level 7. HP: 58/67 MP: 6/6
  2769 | D:4      | Found a radiant altar of Vehumet.
  2893 | D:4      | Found a stormy altar of Qazlal.
  2996 | D:5      | Entered Level 5 of the Dungeon
  3010 | D:5      | Found a white marble altar of Elyvilon.
  3179 | D:5      | Reached skill level 7 in Unarmed Combat
  3272 | D:5      | Noticed Blork the orc
  3284 | D:5      | Killed Blork the orc
  3819 | D:5      | Found a basalt altar of Yredelemnul.
  3925 | D:5      | Noticed Eustachio
  3936 | D:5      | Killed Eustachio
  3936 | D:5      | Reached skill level 8 in Unarmed Combat
  3936 | D:5      | Reached XP level 8. HP: 75/75 MP: 7/7
  4110 | D:6      | Noticed Menkaure
  4115 | D:6      | Killed Menkaure
  4115 | D:6      | Reached skill level 1 in Stealth
  4609 | D:7      | Reached skill level 9 in Unarmed Combat
  4689 | D:7      | Reached skill level 5 in Shields
  4754 | D:7      | Noticed Dowan
  4758 | D:7      | Found a staircase to the Ecumenical Temple.
  4758 | D:7      | Noticed Duvessa
  4760 | D:7      | Noticed Pikel
  4769 | D:7      | Killed Dowan
  4786 | D:6      | Slain by Duvessa

Illustrated notes

Levels and vault maps discovered:
D:1:      evilmike_arrival_fibonacci_small, layout_basic
D:2:      layout_basic, first_ration
D:3:      layout_rooms, gammafunk_temple_overflow_statue, marbit_many_paths,
          regret_index_temple_of_mockery
D:4:      layout_cave_pods, kennysheep_little_box, kennysheep_mini_moat,
          minmay_between
D:5:      layout_basic, kennysheep_ying_yang, uniq_eustachio, uniq_blork_the_orc
D:6:      layout_loops_ring, uniq_menkaure
D:7:      layout_basic, trog_eyes_of_draining, lemuel_crystal_altar,
          minmay_temple_entry_gardened_gates, grunt_ministairs_9,
          nicolae_gozag_seed_capital, uniq_pikel, uniq_duvessa, uniq_harold

Skill      XL: |  1  2  3  4  5  6  7  8 |
---------------+-------------------------+-----
Unarmed Combat | 3 4 5 6 8 9 |  9.3
Shields        | 3 4 5 |  5.3
Fighting       | 3 4 |  4.2
Stealth        | 1 |  1.0
Dodging        | |  2.4

Action                   |  1- 3 |  4- 6 |  7- 9 || total
-------------------------+-------+-------+-------++-------
Melee: Unarmed           |   100 |   178 |   194 ||   472
  Use: Potion            |       |       |     2 ||     2
 Stab: Sleeping          |       |       |     3 ||     3
  Eat: Ration            |     1 |     1 |     3 ||     5
Armor: Robe              |    26 |    72 |    49 ||   147
Dodge: Dodged            |    34 |    61 |    55 ||   150
Block: Kite shield       |    41 |   100 |    99 ||   240

Table legend:
 A = Non-vault XP
 B = Vault XP
 C = Vault XP percentage of total XP
 D = Non-vault monster count
 E = Vault monster count
 F = Vault count percentage of total count
                 A         B        C        D         E       F
            +---------+---------+-------+---------+---------+-------
      Total |    2012 |     782 |  28.0 |     133 |      11 |   7.6
            +---------+---------+-------+---------+---------+-------
        D:1 |      19 |       0 |   0.0 |      13 |       0 |   0.0
        D:2 |      99 |       0 |   0.0 |      22 |       0 |   0.0
        D:3 |     170 |       1 |   0.6 |      37 |       1 |   2.6
        D:4 |     455 |     110 |  19.5 |      25 |       4 |  13.8
        D:5 |     460 |     284 |  38.2 |      18 |       2 |  10.0
        D:6 |     124 |     169 |  57.7 |       4 |       1 |  20.0
        D:7 |     685 |     218 |  24.1 |      14 |       3 |  17.6
            +---------+---------+-------+---------+---------+-------
